 Dungeon Crawl Stone Soup version 0.26-a0-812-g31a745ddcd (webtiles) character file.

Game seed: 6263220647911802424

405 robertstho the Chiller (level 6, -2/49 HPs)
             Began as a Deep Elf Ice Elementalist on Nov 13, 2020.
             Slain by Menkaure (4 damage)
             ... on level 4 of the Dungeon.
             The game lasted 00:05:19 (3149 turns).

robertstho the Chiller (Deep Elf Ice Elementalist)  Turns: 3149, Time: 00:05:20

Health: -2/49      AC: 23    Str:  5    XL:     6   Next: 56%
Magic:  14/16      EV:  2    Int: 22    God:
Gold:   180        SH:  0    Dex: 15    Spells: 9/16 levels left

rFire    . . .     SeeInvis .   p - +0 whip (holy)
rCold    . . .     Faith    .   (no shield)
rNeg     + + +     Spirit   .   (armour currently unavailable)
rPois    +         Reflect  .   (helmet currently unavailable)
rElec    .         Harm     .   (cloak currently unavailable)
rCorr    .         Rampage  .   (gloves currently unavailable)
MR       .....     NoTele   +   (boots currently unavailable)
Stlth    ++........             d - amulet of regeneration
HPRegen  0.56/turn              (no ring)
MPRegen  0.15/turn              (no ring)

@: tree-form, frozen ramparts, hasted, very quick
A: no striking features
a: no special abilities


You were on level 4 of the Dungeon.
You were a tree.
You visited 1 branch of the dungeon, and saw 4 of its levels.

You collected 180 gold pieces.

Inventory:

Hand Weapons
 p - a +0 whip of holy wrath (weapon)
Armour
 a - a +0 robe (melded)
Jewellery
 d - an amulet of regeneration (around neck)
Wands
 o - a wand of flame (5)
 s - a wand of iceblast (11)
Scrolls
 b - a scroll of remove curse {unknown}
 c - 2 scrolls of enchant weapon {unknown}
 e - 3 scrolls of identify {unknown}
 f - 2 scrolls of teleportation {unknown}
 h - a scroll of fear {unknown}
 i - a scroll of amnesia {unknown}
 j - a scroll of noise {unknown}
 m - a scroll of magic mapping {unknown}
 t - a scroll of immolation {unknown}
 v - a scroll of enchant armour {unknown}
Potions
 g - 2 potions of haste
 k - a potion of berserk rage {unknown}
 l - a potion of ambrosia {unknown}
 n - a potion of magic {unknown}
 q - 2 potions of curing {unknown}
 r - 2 potions of lignification
 u - a potion of flight {unknown}
 w - a potion of cancellation {unknown}
 x - a potion of mutation {unknown}


   Skills:
 + Level 0.6 Fighting
 + Level 3.3 Dodging
 + Level 3.2 Stealth
 + Level 0.1 Unarmed Combat
 * Level 5.9 Spellcasting
 * Level 6.8 Ice Magic


You had 9 spell levels left.
You knew the following spells:

 Your Spells              Type           Power        Failure   Level
a - Freeze                Ice            ####         1%          1
b - Frozen Ramparts       Ice            #####.       1%          3
c - Ozocubu's Armour      Ice            #####...     1%          3

Your spell library contained the following spells:

 Spells                   Type           Power        Failure   Level
 Hailstorm                Conj/Ice       ###.....     22%         4
 Summon Ice Beast         Ice/Summ       ###.....     22%         4


Dungeon Overview and Level Annotations

Branches:
Dungeon (4/15)
 Temple: D:4-7

Altars:
Elyvilon
Hepliaklqana
Zin
The Shining One

Annotations:
D:4 Menkaure


Message History

The wall freezes the leopard gecko.
The leopard gecko misses you.
Unknown command.
The wall freezes the leopard gecko!
You kill the leopard gecko!
You hit Menkaure but do no damage. The ooze hits you but does no damage.
Menkaure barely misses you.
Unknown command.
You hit Menkaure but do no damage. The ooze hits you. Menkaure hits you!
Unknown command.
You hit Menkaure but do no damage. The ooze closely misses you.
Menkaure casts a spell at you. Pain shoots through your body!
* * * LOW HITPOINT WARNING * * *
Unknown command.
You feel yourself speed up. The ooze hits you.
* * * LOW HITPOINT WARNING * * *
It was a potion of lignification.
You turn into a tree.
Your +0 robe melds into your body.
Your roots penetrate the ground.
Menkaure hits you.
You die...

####.##..#######.#.
#.............
####...#######
#...# ##..# #..#
##.## ######..#####
#......♣....#
#.....JM....#
#...........#
#...........#
#######.##### #..
#.. ##.


You could see Menkaure and an ooze.

Vanquished Creatures
  Sigmund (D:3)
  Ijyb (D:3)
  Natasha (thrice) (D:2)
  5 adders
  2 dart slugs (D:1)
  2 worms (D:2)
  4 leopard geckos
  11 orcs (D:3)
  3 ball pythons
  10 bats
  6 giant cockroaches
  7 goblins
  7 hobgoblins
  9 jackals
  7 kobolds
  5 frilled lizards
  3 rats (D:1)
86 creatures vanquished.

Notes
Turn   | Place    | Note
-------+----------+-------------------------------------------
     0 | D:1      | robertstho the Deep Elf Ice Elementalist began the quest
                  | for the Orb.
     0 | D:1      | Reached XP level 1. HP: 10/10 MP: 6/6
   169 | D:1      | Reached XP level 2. HP: 1/15 MP: 0/8
   779 | D:1      | Reached skill level 5 in Ice Magic
   783 | D:1      | Reached XP level 3. HP: 19/19 MP: 2/10
  1342 | D:2      | Learned a level 3 spell: Frozen Ramparts
  1349 | D:2      | Learned a level 3 spell: Ozocubu's Armour
  1662 | D:2      | Reached XP level 4. HP: 23/24 MP: 7/12
  1813 | D:2      | Noticed Natasha
  1843 | D:2      | Killed Natasha
  1859 | D:2      | Noticed Natasha
  1869 | D:2      | Killed Natasha
  1956 | D:2      | Noticed Natasha
  1963 | D:2      | Killed Natasha
  1963 | D:2      | Reached XP level 5. HP: 27/28 MP: 10/14
  2348 | D:3      | Noticed Sigmund
  2353 | D:3      | Killed Sigmund
  2353 | D:3      | Reached skill level 5 in Spellcasting
  2353 | D:3      | Reached skill level 6 in Ice Magic
  2353 | D:3      | Reached XP level 6. HP: 16/33 MP: 11/16
  2583 | D:3      | Noticed Ijyb
  2594 | D:3      | Killed Ijyb
  2796 | D:3      | Found a hazy altar of Hepliaklqana.
  3028 | D:3      | Found a white marble altar of Elyvilon.
  3030 | D:3      | Found a glowing golden altar of the Shining One.
  3031 | D:3      | Found a glowing silver altar of Zin.
  3137 | D:4      | Noticed Menkaure
  3148 | D:4      | HP: 1/33 [ooze (4)]
  3149 | D:4      | Slain by Menkaure

Illustrated notes

Levels and vault maps discovered:
D:1:      co_arrival_hexagon_in_a_hexagon, layout_loops_ring, minivault_4
D:2:      layout_rooms, uniq_natasha
D:3:      layout_loops_cross, good_gods_temple_1, lemuel_crystal_altar,
          mrwooster_statue_mirror, minivault_24, eino_tiny_chamber,
          uniq_sigmund, uniq_ijyb
D:4:      layout_basic, uniq_menkaure

Skill      XL: |  1  2  3  4  5 |
---------------+----------------+-----
Ice Magic      | 5 6 |  6.8
Spellcasting   | 4 5 |  5.9
Dodging        | 3 |  3.3
Stealth        | 3 |  3.2
Fighting       | |  0.6
Unarmed Combat | |  0.1

Action                   |  1- 3 |  4- 6 || total
-------------------------+-------+-------++-------
Melee: Unarmed           |    61 |    21 ||    82
       Whip              |       |    12 ||    12
 Cast: Freeze            |    40 |    10 ||    50
       Frozen Ramparts   |     6 |    24 ||    30
  Use: Potion            |       |     2 ||     2
 Stab: Sleeping          |     3 |     3 ||     6
Armor: Robe              |    26 |    11 ||    37
Dodge: Dodged            |    95 |    37 ||   132

Table legend: (Time is in decaauts)
 A = Elapsed time spent in this place.
 B = Non-inter-level travel time spent in this place.
 C = Inter-level travel time spent in this place.
 D = Time resting spent in this place.
 E = Time spent auto-exploring this place.
 F = Levels seen in this place.
 G = Mean time per level.
                   A        B        C        D        E       F      G
               +--------+--------+--------+--------+--------+-----+--------+
         Total |   3151 |   3095 |     56 |    338 |   2170 |   4 |  787.8 |
       Dungeon |   3151 |   3095 |     56 |    338 |   2170 |   4 |  787.8 |
               +--------+--------+--------+--------+--------+-----+--------+

Top non-repeatable levels by time:
     D:1: 1329 daAuts
     D:3: 983 daAuts
     D:2: 775 daAuts
     D:4: 62 daAuts
